Cogmind - Beta 13 @@@ ROGUE MODE // 2024.05.29 @ 17:49:39 Player: pakman Result: Destroyed by L-31 Rogue with Katana Performance ------------- Evolutions (1) 500 Regions Visited (2) 400 Robots Destroyed (11) 55 Value Destroyed (216) 216 Prototype IDs (0) 0 Alien Tech Used (0) 0 Bonus (0) 0 TOTAL SCORE: 1171 Bonus ------- None Cogmind --------- Core Integrity 0/400 Matter 261/300 Energy 100/100 System Corruption 0% Temperature Cool (0) Movement Core (350) Ox6 Location -9/Materials Parts ------- > --- POWER (1) -------- (None) > --- PROPULSION (3) --- (None) > --- UTILITY (3) ------ Large Storage Unit > --- WEAPON (2) ------- (None) > --- INVENTORY (15) --- Light Ion Engine ECM Suite Grenade Launcher Mining Laser Peak State ------------ > --- POWER ------------ Light Ion Engine > --- PROPULSION ------- Wheel Wheel Wheel > --- UTILITY ---------- Large Storage Unit Terrain Scanner Seismic Detector > --- WEAPON ----------- Small Laser Light Assault Rifle > --- INVENTORY -------- Light Ion Engine Light Ion Engine Wheel ECM Suite Grenade Launcher Mining Laser [Rating: 9] Favorites ----------- Power Ion Engine Engine Ion Engine Propulsion Wheel Wheel Wheel Utility Seismic Detector Device Seismic Detector Storage Large Storage Unit Weapon Light Assault Rifle Energy Gun EM Pulse Gun Ballistic Gun Light Assault Rifle Special Weapon Mining Laser Build | -11 -10 -9 ------- Run | Yrd Mat Mat Slots Evolved 2 | . . 2 Power . | . . . Propulsion 1 | . . 1 Utility 1 | . . 1 Weapon . | . . . Parts Attached 24 | 8 11 5 Power 7 | 2 4 1 Engine 7 | 2 4 1 Core . | . . . Reactor . | . . . Propulsion 6 | 2 2 2 Treads . | . . . Leg . | . . . Wheel 6 | 2 2 2 Hover . | . . . Flight . | . . . Utility 4 | 2 1 1 Device 2 | 1 . 1 Storage 2 | 1 1 . Processor . | . . . Hackware . | . . . Protection . | . . . Artifact . | . . . Weapon 7 | 2 4 1 Energy Gun 2 | 1 1 . Energy Cannon . | . . . Ballistic Gun 4 | 1 2 1 Ballistic Cannon . | . . . Launcher . | . . . Special Weapon 1 | . 1 . Impact Weapon . | . . . Slashing Weapon . | . . . Piercing Weapon . | . . . Special Melee Weapon . | . . . Unidentified Prototypes . | . . . Parts Lost 12 | . 3 9 Power 2 | . 1 1 Propulsion 4 | . . 4 Utility 2 | . . 2 Weapon 4 | . 2 2 Highest Loss Streak 6 | . 2 6 To Critical Strikes . | . . . Average Slot Usage (%) 88 | . 98 58 Engine 11 | . 14 4 Wheel 23 | . 27 11 Device 14 | . 14 16 Storage 13 | . 14 11 Energy Gun 11 | . 12 10 Ballistic Gun 8 | . 9 4 Special Weapon 4 | . 5 . Naked Turns . | . . . Heaviest Build 29 | 14 29 27 Greatest Support 30 | 20 20 30 Greatest Overweight (x) 7 | 1 2 7 Average Overweight (x) . | . . 1 Largest Inventory Capacity 15 | 8 15 15 Average Capacity 12 | 7 13 15 Most Carried 10 | 6 10 7 Average Carried 7 | 3 8 4 Final Capacity 15 | 8 15 15 Final Carried 8 | 6 8 4 Class Distribution -------------------- 100% | Mutant Dominant Class ---------------- Mutant | -10/Materials Mutant | -9/Materials Resources | -11 -10 -9 ----------- Run | Yrd Mat Mat Matter Collected 391 | 291 100 . Remotely . | . . . Salvage Created 370 | 146 100 124 Parts 23 | 12 5 6 Haulers Intercepted . | . . . Recyclers Shooed . | . . . Parts Field Recycled . | . . . Retrieved Matter . | . . . Parts Self-Destructed . | . . . Prevented . | . . . Kills | -11 -10 -9 ------- Run | Yrd Mat Mat Combat Hostiles Destroyed 6 | . 2 4 Guns 6 | . 2 4 Classes Destroyed 5 | 2 1 2 Tunneler 4 | 4 . . Recycler 1 | 1 . . Swarmer 2 | . . 2 Grunt 3 | . 2 1 Duelist 1 | . . 1 Best Kill Streak 5 | 5 2 2 Combat Bots Only 2 | . 2 2 Max Kills in Single Turn 1 | 1 1 1 Gunslinging . | . . . Exploded . | . . . Melee . | . . . Uniques/NPCs Destroyed . | . . . Combat | -11 -10 -9 -------- Run | Yrd Mat Mat Hostile Shots Fired 108 | . 42 66 Missed 27 | . 10 17 Damage Taken 1209 | 38 422 749 Core 495 | . 74 421 Absorbed by Shields . | . . . Regen/Repaired (Parts) 71 | . 71 . Core Remaining (%) 85 | 100 70 . Volleys Fired 70 | 11 30 29 Largest 2 | 2 2 2 Hottest 100 | 60 100 60 Shots Fired 108 | 22 51 35 Gun 105 | 22 48 35 Cannon . | . . . Launcher . | . . . Special 3 | . 3 . Kinetic 55 | 11 38 6 Thermal 32 | . 3 29 Explosive . | . . . Electromagnetic 21 | 11 10 . Robot Hit Streak 11 | 9 7 11 Robot Miss Streak 7 | 2 3 7 Penetration Max . | . . . Secondary Targets . | . . . Shots Hit Robots 72 | 16 30 26 Core Hits 27 | 9 8 10 Critical Kills . | . . . Critical Parts Destroyed . | . . . Critical Strikes . | . . . Melee Attacks . | . . . Impact . | . . . Slashing . | . . . Piercing . | . . . Sneak Attacks . | . . . Combat Hostiles . | . . . Follow-up Attacks . | . . . Damage Inflicted 789 | 223 296 270 Guns 748 | 184 296 268 Cannons . | . . . Explosions 39 | 39 . . Melee . | . . . Ramming 2 | . . 2 Kinetic 317 | 67 203 47 Thermal 260 | 39 . 221 Explosive . | . . . Electromagnetic 210 | 117 93 . Impact . | . . . Slashing . | . . . Piercing . | . . . Highest Corruption . | . . . Average Corruption . | . . . Corruption Purged . | . . . Corruption Blocked . | . . . Overload Shots . | . . . Overflow Damage . | . . . Projectiles . | . . . Explosions . | . . . Melee . | . . . Knockbacks . | . . . Impact . | . . . Kinetic . | . . . Secondary . | . . . Self-Inflicted Damage 38 | 38 . . Shots 1 | 1 . . Rammed 2 | . . 2 Targets Rammed 2 | . . 2 Kicked . | . . . Crushed . | . . . Highest Temperature 95 | 52 95 28 Average Temperature 35 | 22 45 9 Received Heat Transfer 321 | . 231 90 Siege Activations . | . . . Robots Corrupted . | . . . Combat Hostiles . | . . . Parts Fried 1 | 1 . . Impact Corruptions . | . . . Robots Melted . | . . . Combat Hostiles . | . . . Parts Melted . | . . . Heat Transferred 550 | 50 . 500 Parts Sabotaged . | . . . Parts Stolen . | . . . Parts Stripped . | . . . Power Chain Reactions 1 | 1 . . Alert | -11 -10 -9 ------- Run | Yrd Mat Mat Peak Influence 80 | 25 62 80 Initial 16 | . 16 14 Average 29 | 11 34 29 Maximum Alert Level . | . . . Low Security (%) 100 | 100 100 100 Level 1 . | . . . Level 2 . | . . . Level 3 . | . . . Level 4 . | . . . Level 5 . | . . . High Security . | . . . Max Security . | . . . Squads Dispatched 1 | . . 1 Investigation . | . . . Extermination . | . . . Reinforcement 1 | . . 1 Assault . | . . . Garrison . | . . . Intercept . | . . . Searches Triggered . | . . . Construction Impeded . | . . . Haulers Reinforced . | . . . Active Scanning Responses . | . . . Cargo Convoy Interrupts . | . . . Stealth | -11 -10 -9 --------- Run | Yrd Mat Mat Distress Signals . | . . . Communications Jammed . | . . . Distress Signals . | . . . Times Spotted 14 | . 5 9 Peak Tracking Total 7 | . 2 7 Tactical Retreats . | . . . Traps | -11 -10 -9 ------- Run | Yrd Mat Mat Traps Triggered . | . . . Indirectly . | . . . Trap Hack Attempts . | . . . Triggered . | . . . Disarmed . | . . . Reprogrammed . | . . . Reused . | . . . Traps Extracted . | . . . Installed . | . . . Triggered . | . . . Machines | -11 -10 -9 ---------- Run | Yrd Mat Mat Machines Disabled . | . . . Max in Single Turn . | . . . Machines Repaired . | . . . Machines Dismantled . | . . . Machines Sabotaged . | . . . Overloaded Fab Kills . | . . . Hacking | -11 -10 -9 --------- Run | Yrd Mat Mat Machines Accessed 5 | . 5 . Terminals 4 | . 4 . Fabricators . | . . . Repair Stations 1 | . 1 . Recycling Units . | . . . Scanalyzers . | . . . Garrison Access . | . . . Total Hacks 15 | . 15 . Successful 9 | . 9 . Failed 6 | . 6 . Catastrophic 1 | . 1 . Database Lockouts . | . . . Manual 11 | . 11 . Terminals 10 | . 10 . Fabricators . | . . . Repair Stations 5 | . 5 . Recycling Units . | . . . Scanalyzers . | . . . Garrison Access . | . . . Terminal Hacks . | . . . Fabricator Hacks . | . . . Repair Station Hacks 4 | . 4 . Scan Component 2 | . 2 . Repair 2 | . 2 . Recycling Unit Hacks . | . . . Scanalyzer . | . . . Garrison Access Hacks . | . . . Unauthorized Hacks 5 | . 5 . Terminals 5 | . 5 . Assimilate 2 | . 2 . Botnet 3 | . 3 . Fabricators . | . . . Repair Stations . | . . . Recycling Units . | . . . Scanalyzers . | . . . Garrison Access . | . . . Data Cores Recovered . | . . . Used . | . . . Hacking Detections 3 | . 3 . Full Trace Events . | . . . Feedback Events . | . . . Feedback Blocked . | . . . Robot Schematics Acquired . | . . . Robots Built . | . . . Authchips . | . . . Time . | . . . Total Robot Build Rating . | . . . Part Schematics Acquired . | . . . Parts Built . | . . . Authchips . | . . . Time . | . . . Total Part Build Rating . | . . . Parts Repaired 2 | . 2 . Time 52 | . 52 . Parts Recycled . | . . . Recycled Matter . | . . . Retrieved Matter . | . . . Retrieved Components . | . . . Parts Scanalyzed . | . . . Part Schematics Acquired . | . . . Parts Damaged . | . . . Bothacking | -11 -10 -9 ------------ Run | Yrd Mat Mat Used RIF Installer . | . . . Robots Hacked . | . . . Non-combat . | . . . Combat . | . . . Robot Hacks Applied . | . . . Relay Couplers Released . | . . . Fabnet Peak Effective % . | . . . Robots Rewired . | . . . Allies Hacked . | . . . Hacks Repelled . | . . . Allies | -11 -10 -9 -------- Run | Yrd Mat Mat Total Allies . | . . . Largest Group . | . . . Highest-Rated Group . | . . . Highest-Rated Ally . | . . . Total Orders . | . . . Ally Attacks . | . . . Total Damage . | . . . Kills . | . . . Allies Corrupted . | . . . Allies Melted . | . . . Intel | -11 -10 -9 ------- Run | Yrd Mat Mat Robot Analysis Total . | . . . Derelict Logs Recovered . | . . . Drone Launches . | . . . Drone Recoveries . | . . . Exploration | -11 -10 -9 ------------- Run | Yrd Mat Mat Turns Passed 693 | 106 435 152 Spaces Moved 425 | 73 306 46 Core 14 | 3 . 11 Treads . | . . . Legs . | . . . Wheels 411 | 70 306 35 Hover . | . . . Flight . | . . . Fastest Speed 50 | 50 80 80 Average Speed 95 | 79 90 153 Slowest Speed 400 | 95 110 400 Overloaded Moves . | . . . Propulsion Burnouts . | . . . Robots Hopped . | . . . Cave-ins Triggered . | . . . Exploration Rate (%) 16 | 3 41 6 Regions Visited 2 Branch Regions . Pre-discovered Areas . | . . . Known Exits Taken . | . . . Unknown Exits Taken 2 | 1 1 . Scrap Searched . | . . . Spaces Dug 3 | . 3 . Terrain Destroyed 5 | 2 3 . Melee . | . . . Projectile 3 | . 3 . AOE 2 | 2 . . Terrain Rammed . | . . . Walls Destroyed . | . . . Machines Disabled . | . . . Actions | -11 -10 -9 --------- Run | Yrd Mat Mat Total 598 | 97 410 91 Wait 64 | . 56 8 Move 423 | 72 305 46 Hop . | . . . Pick Up 12 | 5 6 1 Fast Attach 10 | 8 2 . Attach 8 | . 3 5 Detach 1 | 1 . . Swap 6 | . 6 . Drop 2 | . 2 . Fire 70 | 11 30 29 Melee . | . . . Ram 2 | . . 2 Kick . | . . . Crush . | . . . Escape Stasis . | . . . Rewire . | . . . Trap . | . . . Miscellaneous . | . . . Route ------- -11/Scrapyard -10/Materials (discovered 3 exits: [*Mat x2] / [*Min]) -9/Materials History --------- Turn | Location | Event 6 | -11/Scrapyard | Discovered new exit (range 16) 107 | -11/Scrapyard | Entered Materials 186 | -10/Materials | Discovered new exit (range 15) 204 | -10/Materials | Discovered new exit (range 10) 305 | -10/Materials | Build established: Mutant 387 | -10/Materials | Repaired Wheel 420 | -10/Materials | Repaired Ion Engine 529 | -10/Materials | Discovered new exit (range 11) 542 | -10/Materials | Entered another Materials area 542 | -9/Materials | Evolved 2 slots: Propulsion x1, Utility x1 641 | -9/Materials | Lost 6 parts (1p4n1w) 659 | -9/Materials | Core integrity fell below 50% 692 | -9/Materials | Core integrity fell below 20% 694 | -9/Materials | Destroyed by L-31 Rogue with Katana Last Messages --------------- 00603_ Wheel destroyed. 00605_ Hvy. Assault Rifle severed. 00608_ R-06 Scavenger collects Lgt. Ion Engine. 00610_ Lgt. Ion Engine destroyed. 00611_ L-31 Rogue destroyed. 00611_ R-06 Scavenger collects Katana. 00611_ R-06 Scavenger collects Imp. Aluminum Leg. 00614_ R-06 Scavenger collects Hvy. Assault Rifle. 00617_ G-34 Mercenary destroyed. 00617_ R-06 Scavenger collects Aluminum Leg. 00653_ Terrain Scanner destroyed. 00653_ C-30 ARC bursts open, deploying its payload. 00653_ S-10 Pest unfolds itself. 00660_ S-10 Pest destroyed. 00661_ Seismic Detector destroyed. 00680_ S-10 Pest destroyed. 00688_ Sml. Laser destroyed. 00690_ Slammed into G-34 Mercenary. 00691_ K-01 Serf collects debris. 00693_ Slammed into S-10 Pest. Map ----- +----------------------------------------------------+ | ?????????????????????????????????????????????????? | | ?????????????????????????????????????????????????? | | ?????????????????????????????????????????????????? | | ?????????????????????????????????????????????????? | | ?????????????????????????????????????????????????? | | ?????????????????????????????????????????????????? | | ?????????????????????????????????????????????????? | | ?????????????????????????????????????????????????? | | ???????????????????????? ????????????????????????? | | ???????????????????????? ????????????????????????? | | ???????????????????????? ###???# ????????????????? | | ???????????????????????? ???" ??????????????? | | ???????????????????????? ^ %" ??????????????? | | ???????????????????????? ^ """ ?????????????? | | ????????????????????????# "T" #?????????????? | | ????????????????????????# #?????????????? | | ????????????????????????# #?????????????? | | ????????????????????????# #? ??????????? | | ??????????????? ????????#r """ #? ???????????? | | ??????????????????????? # """ # ????????????? | | ????????????????????????# =%*""" # ????????????? | | ???????????????########## k +?????"???????? | | ?????????#?????# # #??"""????????? | | ???????????????# """"" # """ #?????????????? | | ???????????????# """"" #g """ #??? ? ??????? | | ???????????????# """"" *#@ """ #? ???????????? | | ???????????????# %gls #?????????????? | | ???????????????# """"" #[ % #?#?#?????????? | | ???????????????# """"" # ###+######???????????? | | ??????????????## """"" # # #?#???????????? | | ???????????????# # # = #????#????????? | | ???????????????########## # #?????????????? | | ????????????????????????##### """ ##????????????? | | ???????????#????????????????# """ #????#? ??????? | | ??????????????????????#?????# """ #?????????????? | | ??????????#?????????????????########?#???????????? | | ?????????????????????????#??##???????????????????? | | ???????????????????????????????????????#?????????? | | ?????????????????????????????????????????????????? | | ?????????????????????????????????????????????????? | | ???????????????????????#????#????????????????????? | | ????????????????????????????#????????????????????? | | ?????????????????????????????????????????????????? | | ?????????????????????????????????????????????????? | | ?????????????????????????????????????????????????? | | | | | | | | | | | +----------------------------------------------------+ Best States ------------- Heat Dissipation 28 Energy Generation 10 Energy Capacity 250 Matter Stores 300 Matter Capacity 300 Sight Range 16 Terrain Scan Range 14 Terrain Scan Density 10 Evasion (%) 44 Item Schematics ----------------- None Robot Schematics ------------------ None Fabricated ------------ Nothing Alien Tech Used ----------------- None Achievements -------------- None Challenges ------------ None Game ------ Seed SurveybotAlertTube Manual? 0 Play Time 00:14:00 Cumulative 27.1 hours Start 2024.05.29 @ 17:37:36 End 2024.05.29 @ 17:49:39 Sessions 1 Manual Loads 0 Difficulty Rogue Special Mode None Game No. 35 Rogue 35 Adventurer 0 Explorer 0 Win Type - Total 0 Types 0/0/0/0/0/0/0/0/0 Lore% 21 Gallery% 23 Achievement% 20 Wizard Run 0 Options --------- Layout 0 ASCII 0 Keyboard 1 Movement Numpad Keybinds 0 Fullscreen 2 Font 18/SmallcapsGlow Map View 76x50 Zoom Use 0% Tactical HUD 1 Map Filters NONE Filters NONE Steam 1 RUN: 081f1504-76bf-45b9-805b-7330b9f09d62